 Dungeon Crawl Stone Soup version 0.31-a0-1549-g5ff9445e89 (webtiles) character file.

Game seed: 14836795024773036096

35 Xavori the Trooper (level 3, 30/30 HPs)
             Began as a Djinni Chaos Knight on Jan 2, 2024.
             Was a Plaything of Xom.
             Quit the game on level 1 of the Dungeon.
             The game lasted 00:01:24 (9933 turns).

Xavori the Trooper (Djinni Chaos Knight)            Turns: 9933, Time: 00:01:24

Health: 30/30      AC:  5    Str: 11      XL:     3   Next: 55%
Gold:   132        EV: 12    Int: 11      God:    Xom [.*....] SH:  0 Dex: 13 (14)

rFire   + + .        a - +0 falchion (chaos)
rCold   x . .        (no shield)
rNeg    . . .        b - +2 leather armour
rPois   ∞            (no helmet)
rElec   .            (no cloak)
rCorr   .            (no gloves)
SInv    .            (boots unavailable)
Will    .....        (no amulet)
Stlth   +            (no ring)
HPRegen 0.25/turn    (no ring)
MPRegen 0.00/turn

%: no passive effects
@: flying
A: sickness immunity, fire resistance 2, cold vulnerability 1, float, innate
caster, HP casting, extra vitality 1, deterioration 1, dopey 1, evolution 1
a: Renounce Religion


You were on level 1 of the Dungeon.
You worshipped Xom.
You were a plaything of Xom.
You visited 1 branch of the dungeon, and saw 2 of its levels.

You collected 132 gold pieces.

Inventory:

Hand Weapons
 a - a +0 falchion of chaos (weapon)
Armour
 b - a +2 leather armour (worn)
Scrolls
 c - a scroll of butterflies
 e - 2 scrolls of immolation
Potions
 g - 2 potions of enlightenment {unknown}
 j - a potion of lignification {unknown}


   Skills:
 + Level 3.2 Fighting
 + Level 2.9 Long Blades
 + Level 1.4 Armour
 + Level 2.5 Dodging
 * Level 1.1 Spellcasting
 * Level 1.1 Conjurations
 * Level 1.1 Hexes
   Level 0.0 Charms
 * Level 1.1 Summonings
 * Level 1.1 Necromancy
 * Level 1.1 Translocations
   Level 0.0 Transmutations
 * Level 1.1 Fire Magic
 * Level 1.1 Ice Magic
 * Level 1.1 Air Magic
 * Level 1.1 Earth Magic
 * Level 1.1 Alchemy


You knew the following spells:

 Your Spells              Type           Power      Damage    Failure   Level
a - Necrotise             Necr           12%        1d4       26%         1
Your spell library was empty.

Dungeon Overview and Level Annotations

Branches:
Dungeon (2/15)

Altars:


Innate Abilities, Weirdness & Mutations

You are immune to sickness and miasma.
You are immune to poison.
Your flesh is very heat resistant. (rF++)
You are vulnerable to cold. (rC-)
You float through the air rather than walking.
You learn spells naturally, not from books.
Your magical power is your life essence.
You have superior vitality. (+4 MHP)
Your body sometimes deteriorates upon taking damage.
You are dopey. (Int -2)
You have hidden genetic potential.


Message History

You start waiting.
Done waiting.
You start waiting.
Done waiting.
You start waiting.
Done waiting.
You start waiting.
Done waiting.
You start waiting.
Done waiting.
You start waiting.
Done waiting.
You start waiting.
You are now a plaything of Xom.
You fly downwards.
There is a stone staircase leading up here.
As you read the scroll labelled MAWYAB ORERO, it crumbles to dust.
A profound silence engulfs you.
It was a scroll of silence.
Unknown command.
Magic scrolls do not work when you're silenced!
You start waiting.
Your hearing returns.
You start waiting.
Done waiting.
Okay, then.
You fly upwards.
There is a stone staircase leading down here.
As you read the scroll labelled OWA EREJAPOE, it crumbles to dust.
You feel strangely unstable.
It was a scroll of teleportation.
Unknown command.
The air fills with toxic fumes!
As you read the scroll labelled LOGAPO BEBEHI, it crumbles to dust.
It was a scroll of poison.
As you read the scroll labelled GECLIHO VILEU, it crumbles to dust.
You feel aware of your surroundings.
It was a scroll of revelation.
Unknown command.
What level of the Dungeon? (default 2, ? - help)
You stop descending the stairs.
Your surroundings suddenly seem different.
Are you sure you want to abandon this character and quit the game? (Confirm with "yes".)

###### ##....#.###...###
#...####..####.#####..#<
#.#........###.######.##
#.####..##.###.######...
#...#.#.#..###.######>##
#..##(###.####.######.##
#.#..#).#...##.#########
##.###.##..#.##.#########
##..#.#.#@..#.##.######..>
###..##..####.#...........##
#...........#.##.......#....
######..................#####.###
#.................#####.# #....
.....#............#####.#####....
##..........####..#####.##.......
####......####...######.#..#.....
..####..####....### #...##....#


There were no monsters in sight!

Vanquished Creatures
  A gnoll (D:1)
  3 bats (D:1)
  4 endoplasms (D:1)
  3 giant cockroaches
  A goblin (D:1)
  A hobgoblin (D:1)
  A jackal (D:1)
  A quokka (D:1)
  3 ball pythons (D:1)
  2 frilled lizards (D:1)
  A kobold (D:1)
  2 rats (D:1)
23 creatures vanquished.

Vanquished Creatures (collateral kills)
  A jackal (D:1)
1 creature vanquished.

Grand Total: 24 creatures vanquished

Notes
Turn   | Place    | Note
-------+----------+-------------------------------------------
     0 | D:1      | Xavori the Djinni Chaos Knight began the quest for the Orb.
     0 | D:1      | Reached XP level 1. HP: 20/20 MP: 0/0
    82 | D:1      | Reached XP level 2. HP: 19/25 MP: 0/0
   111 | D:1      | XOM: 2-stop teleportation journey
   197 | D:1      | Found a faded altar of an unknown god.
   398 | D:1      | XOM: silly message
   401 | D:1      | Reached skill level 1 in Spellcasting
   401 | D:1      | Reached skill level 1 in Conjurations
   401 | D:1      | Reached skill level 1 in Hexes
   401 | D:1      | Reached skill level 1 in Summonings
   401 | D:1      | Reached skill level 1 in Necromancy
   401 | D:1      | Reached skill level 1 in Translocations
   401 | D:1      | Reached skill level 1 in Fire Magic
   401 | D:1      | Reached skill level 1 in Ice Magic
   401 | D:1      | Reached skill level 1 in Air Magic
   401 | D:1      | Reached skill level 1 in Earth Magic
   401 | D:1      | Reached skill level 1 in Alchemy
   401 | D:1      | Reached XP level 3. HP: 26/30 MP: 0/0
   401 | D:1      | Learned a level 1 spell: Necrotise
   668 | D:1      | XOM: give mutations
   668 | D:1      | Gained mutation: You are dopey. (Int -2) [Xom's mischief]
   668 | D:1      | Gained mutation: You have hidden genetic potential. [Xom's
                  | mischief]
   668 | D:1      | Gained mutation: Your muscles are strong. (Str +4, Int/Dex
                  | -1) [Xom's mischief]
   668 | D:1      | Lost mutation: Your muscles are strong. (Str +4, Int/Dex
                  | -1) [Xom's mischief]
   687 | D:1      | XOM: give mutations
   687 | D:1      | Gained mutation: You sometimes lose your temper in combat.
                  | [Xom's mischief]
   687 | D:1      | Gained mutation: Your muscles are strong. (Str +4, Int/Dex
                  | -1) [Xom's mischief]
  1072 | D:1      | XOM: summons 2 hostile demons
  1112 | D:2      | XOM: god gift: 22 gold pieces
  1180 | D:2      | XOM: cloud trail
  1368 | D:1      | XOM: divination: magic mapping
  1769 | D:1      | XOM: silly message
  1936 | D:1      | XOM: silly message
  2906 | D:1      | XOM: silly message
  3550 | D:1      | XOM: divination: detect items
  4137 | D:1      | XOM: summons 2 hostile demons
  4798 | D:1      | XOM: stat loss: -1 Dex (12/13)
  4985 | D:1      | XOM: give mutations
  4985 | D:1      | Lost mutation: Your muscles are strong. (Str +4, Int/Dex
                  | -1) [Xom's mischief]
  4985 | D:1      | Lost mutation: You sometimes lose your temper in combat.
                  | [Xom's mischief]
  4985 | D:1      | Gained mutation: You possess an exceptional clarity of
                  | mind. [Xom's mischief]
  5334 | D:1      | XOM: give mutations
  5334 | D:1      | Gained mutation: Your body sometimes deteriorates upon
                  | taking damage. [Xom's mischief]
  5334 | D:1      | Lost mutation: You possess an exceptional clarity of mind.
                  | [Xom's mischief]
  6027 | D:1      | XOM: silly message
  6506 | D:1      | XOM: silly message
  7405 | D:1      | XOM is BORED!
  7405 | D:1      | XOM: summons 2 hostile demons
  7406 | D:1      | Noticed a smoke demon
  7660 | D:2      | XOM: give mutations
  7660 | D:2      | Gained mutation: You are frail. (-10% HP) [Xom's mischief]
  7660 | D:2      | Lost mutation: You are frail. (-10% HP) [Xom's mischief]
  7864 | D:1      | XOM: summons 2 hostile demons
  7865 | D:1      | Noticed a sun demon
  8170 | D:1      | XOM: summons 2 hostile demons
  8171 | D:1      | Noticed a ynoxinul
  8291 | D:2      | XOM: 3-stop teleportation journey
  8385 | D:2      | XOM: enchant monster (bad)
  9146 | D:1      | XOM: noise
  9933 | D:1      | Quit the game

Illustrated notes

Levels and vault maps discovered:
D:1:      spicycebolla_green_bress_n_ham_2, layout_rooms,
          hellmonk_ecumenical_altar_blasted, dreamdust_princess_bridge,
          minmay_misc_feat_alley, hangedman_decor_peaks_small,
          minmay_misc_feat_x, hangedman_decor_clover_reticule,
          minmay_octomino_j4
D:2:      layout_loops_corners, serial_forest, infiniplex_forest_clump_cross,
          infiniplex_forest_clump_curved, infiniplex_forest_straight_2,
          infiniplex_forest_diagonal, infiniplex_forest_corner_1,
          infiniplex_forest_clump_cross, infiniplex_forest_clump_large

Skill      XL: |  1  2 |
---------------+-------+-----
Spellcasting   | 1 |  1.1
Conjurations   | 1 |  1.1
Hexes          | 1 |  1.1
Summonings     | 1 |  1.1
Necromancy     | 1 |  1.1
Translocations | 1 |  1.1
Fire Magic     | 1 |  1.1
Ice Magic      | 1 |  1.1
Air Magic      | 1 |  1.1
Earth Magic    | 1 |  1.1
Alchemy        | 1 |  1.1
Fighting       | |  3.2
Long Blades    | |  2.9
Armour         | |  1.4
Dodging        | |  2.5

Action                     || total
---------------------------++-------
  Melee: Falchion          ||    62
    Use: Scroll            ||     4
 Armour: Leather armour    ||    36
  Dodge: Dodged            ||    38

Table legend: (Time is in decaauts)
 A = Elapsed time spent in this place.
 B = Non-inter-level travel time spent in this place.
 C = Inter-level travel time spent in this place.
 D = Time resting spent in this place.
 E = Time spent auto-exploring this place.
 F = Levels seen in this place.
 G = Mean time per level.
                   A        B        C        D        E       F      G
               +--------+--------+--------+--------+--------+-----+--------+
         Total |   9949 |   9917 |     32 |   8929 |    795 |   2 | 4974.5 |
       Dungeon |   9949 |   9917 |     32 |   8929 |    795 |   2 | 4974.5 |
               +--------+--------+--------+--------+--------+-----+--------+

Top non-repeatable levels by time:
     D:1: 8440 daAuts
     D:2: 1509 daAuts
